 Dungeon Crawl Stone Soup version 0.29-a0-582-ge82337ba6a (webtiles) character file.

Game seed: 10400189393496620174

298960 Armakuni the Scorcher (level 21, -21/138 HPs)
             Began as a Human Fire Elementalist on June 11, 2022.
             Was the Champion of Elyvilon.
             Killed from afar by Margery (44 damage)
             ... with a bolt of fire
             ... on level 2 of the Vaults on June 14, 2022.
             The game lasted 03:51:16 (48378 turns).

Armakuni the Scorcher (Human Fire Elementalist)    Turns: 48378, Time: 03:51:17

Health: -21/138    AC: 23    Str: 21    XL:     21   Next: 88%
Magic:  30/51      EV: 14    Int: 26    God:    Elyvilon [******]
Gold:   358        SH:  0    Dex: 15    Spells: 13/54 levels left

rFire   . . .      SeeInvis +   a - staff of conjuration
rCold   . . .      Faith    .   (no shield)
rNeg    . . .      Spirit   .   d - +1 troll leather armour
rPois   +          Reflect  .   E - +2 hood of the Assassin {Detection Stab+ Stlth++}
rElec   .          Harm     .   i - +2 cloak
rCorr   .          Rampage  .   h - +2 pair of gloves
Will    +....                   D - +1 pair of boots of Oboviheng {Drain MP+9 Str+2}
Stlth   +++.......              M - amulet of magic regeneration
HPRegen 1.13/turn               W - ring of Irrepressible Laughter {Wiz Str+6 SInv Stlth-}
MPRegen 0.72/turn               A - ring "Ebytupn" {rPois AC+4 Int+3}

@: studying 2 skills
A: iridescent scales 1, agile 1
}: 2/15 runes: serpentine, barnacled
a: Renounce Religion, Purification, Heal Other, Heal Self, Divine Vigour


You were on level 2 of the Vaults.
You worshipped Elyvilon.
Elyvilon was exalted by your worship.
You visited 8 branches of the dungeon, and saw 37 of its levels.

You collected 5674 gold pieces.
You spent 5316 gold pieces at shops.

Inventory:

Hand Weapons
 b - a +7 eveningstar of freezing
Missiles
 e - 5 curare-tipped darts
 L - 7 throwing nets
Armour
 d - a +1 troll leather armour (worn)
 h - a +2 pair of gloves (worn)
 i - a +2 cloak (worn)
 D - the +1 pair of boots of Oboviheng (worn) {Drain MP+9 Str+2}
   (You found it on level 2 of the Elven Halls)

   Str:       It affects your strength (+2).
   MP:        It affects your magic capacity (+9).
   Drain:     It drains your maximum health when unequipped.
 E - the +2 hood of the Assassin (worn) {Detection Stab+ Stlth++}
   (You found it on level 3 of the Elven Halls)

   It allows the wearer to sense nearby creatures.
   It allows the wearer to make particularly effective stabbing attacks against
   helpless or unaware enemies with any weapon.
   Stlth:     It makes you much more stealthy.
Magical Staves
 a - a staff of conjuration (weapon)
Jewellery
 A - the ring "Ebytupn" (right hand) {rPois AC+4 Int+3}
   (You bought it in a shop on level 2 of the Orcish Mines)

   [ring of protection]

   AC:        It affects your AC (+4).
   Int:       It affects your intelligence (+3).
   rPois:     It protects you from poison.
 H - an amulet of reflection
 M - an amulet of magic regeneration (around neck)
 W - the ring of Irrepressible Laughter (left hand) {Wiz Str+6 SInv Stlth-}
   (You bought it in a shop on level 2 of the Elven Halls)

   [ring of wizardry]

   It improves your spell success rate.
   Str:       It affects your strength (+6).
   SInv:      It lets you see invisible.
   Stlth:     It makes you less stealthy.
Wands
 j - a wand of iceblast (1)
 l - a wand of charming (5)
 q - a wand of mindburst (3)
 v - a wand of flame (15)
 C - a wand of paralysis (3)
 O - a wand of polymorph (5)
 R - a wand of digging (4)
 S - a wand of acid (2)
Scrolls
 k - 3 scrolls of amnesia
 o - 6 scrolls of fear
 p - a scroll of silence
 J - 3 scrolls of noise
 K - 3 scrolls of vulnerability
 P - 12 scrolls of identify
 T - 5 scrolls of teleportation
 U - 3 scrolls of blinking
 V - a scroll of fog
Potions
 c - 6 potions of haste
 g - 4 potions of magic
 n - a potion of cancellation
 r - 4 potions of berserk rage
 s - 9 potions of flight
 u - 2 potions of resistance
 x - 2 potions of invisibility
 z - 9 potions of lignification
 B - 5 potions of mutation
 F - 4 potions of heal wounds
 G - 3 potions of might
 I - a potion of ambrosia
 N - 11 potions of curing
 Q - 4 potions of brilliance
Miscellaneous
 f - a phial of floods
 m - a phantom mirror
 t - a tin of tremorstones (1/2)
 w - a box of beasts


   Skills:
 - Level 5.0 Fighting
 - Level 12.0 Staves
 - Level 7.1 Armour
 - Level 5.0 Dodging
 - Level 2.0 Stealth
 + Level 17.3 Spellcasting
 - Level 18.2 Conjurations
 - Level 3.0 Hexes
 - Level 4.0 Translocations
 - Level 20.0 Fire Magic
 - Level 10.0 Invocations
 - Level 10.0 Evocations


You had 13 spell levels left.
You knew the following spells:

 Your Spells              Type           Power      Damage    Failure   Level
f - Fireball              Conj/Fire      55%        3d21      1%          5
i - Ignition              Fire           45%        3d13      1%          8
m - Iskenderun's Mystic   Conj/Tloc      88%        2d17      1%          4
o - Orb of Destruction    Conj           54%        9d14      1%          7
s - Starburst             Conj/Fire      55%        6d15      1%          6
z - Apportation           Tloc           86%        N/A       1%          1
B - Blink                 Tloc           86%        N/A       1%          2
F - Inner Flame           Hex/Fire       70%        N/A       1%          3
I - Iskenderun's Battles  Conj           100%       2d15      1%          5

Your spell library contained the following spells:

 Spells                   Type           Power      Damage    Failure   Level
 Foxfire                  Conj/Fire      100%       2x1d9     0%          1
 Scorch                   Fire           100%       2d10      0%          2
 Conjure Flame            Conj/Fire      100%       6-21      0%          3
 Flame Wave               Conj/Fire      100%       2d17      0%          4
 Freeze                   Ice            88%        1d10      1%          1
 Necrotize                Necr           88%        1d8       1%          1
 Sandblast                Erth           44%        2d11      1%          1
 Shock                    Conj/Air       100%       1d9       1%          1
 Sting                    Tmut/Pois      88%        1d7       1%          1
 Summon Small Mammal      Summ           88%        N/A       1%          1
 Ensorcelled Hibernation  Hex/Ice        60%        N/A       1%          2
 Passwall                 Tmut/Erth      18%        N/A       1%          2
 Poisonous Vapours        Pois/Air       44%        N/A       1%          2
 Dazzling Flash           Conj/Hex       100%       N/A       1%          3
 Gell's Gravitas          Tloc           43%        N/A       1%          3
 Ignite Poison            Fire/Tmut/Pois 54%        N/A       1%          3
 Lesser Beckoning         Tloc           43%        N/A       1%          3
 Mephitic Cloud           Conj/Pois/Air  69%        N/A       1%          3
 Stone Arrow              Conj/Erth      100%       3d13      1%          3
 Teleport Other           Tloc           43%        N/A       1%          3
 Tukima's Dance           Hex            38%        N/A       1%          3
 Fulminant Prism          Conj/Hex       43%        3d20      1%          4
 Hailstorm                Conj/Ice       81%        3d16      1%          4
 Passage of Golubria      Tloc           43%        N/A       1%          4
 Freezing Cloud           Conj/Ice/Air   34%        6-21      2%          5
 Frozen Ramparts          Ice            44%        1d6       3%          3
 Spider Form              Tmut/Pois      22%        N/A       3%          3
 Swiftness                Air            22%        N/A       3%          3
 Cause Fear               Hex            19%        N/A       3%          4
 Conjure Ball Lightning   Conj/Air       40%        3x3d13    3%          6
 Anguish                  Hex/Necr       15%        N/A       6%          4
 Manifold Assault         Tloc           43%        N/A       6%          5
 Airstrike                Air            11%        N/A       11%         4
 Corpse Rot               Necr/Pois/Air  22%        N/A       11%         4
 Ice Form                 Ice/Tmut       22%        N/A       11%         4
 Olgreb's Toxic Radiance  Pois           22%        N/A       11%         4
 Petrify                  Tmut/Erth      22%        N/A       11%         4
 Summon Ice Beast         Ice/Summ       22%        N/A       11%         4
 Metabolic Englaciation   Hex/Ice        15%        N/A       16%         5
 Summon Mana Viper        Hex/Summ       30%        N/A       16%         5
 Yara's Violent Unravell  Hex/Tmut       15%        3d8       16%         5
 Lee's Rapid Deconstruct  Erth           11%        3d9*      26%         5
 Dispersal                Tloc           21%        N/A       28%         6
 Eringya's Noxious Bog    Tmut/Pois      11%        N/A       80%         6
 Simulacrum               Ice/Necr       11%        N/A       80%         6
 Statue Form              Tmut/Erth      14%        N/A       80%         6
 Dragon Form              Tmut           11%        N/A       100%        7
 Monstrous Menagerie      Summ           11%        N/A       100%        7
 Ozocubu's Refrigeration  Ice            11%        4d7       100%        7
 Storm Form               Tmut/Air       11%        N/A       100%        7
 Discord                  Hex            19%        N/A       100%        8
 Dragon's Call            Summ           11%        N/A       100%        9
 Polar Vortex             Ice            11%        N/A       100%        9


Dungeon Overview and Level Annotations

Branches:
Dungeon (15/15)            Temple (1/1) D:5            Lair (6/6) D:8
 Shoals (4/4) Lair:4        Snake (4/4) Lair:3        Slime (0/5) Lair:5
    Orc (2/2) D:9             Elf (3/3) Orc:2        Vaults (2/5) D:13
  Crypt (0/3) Vaults:2     Depths (0/4) D:15

Altars:
Ashenzari
Cheibriados
Dithmenos
Elyvilon
Fedhas
Gozag
Hepliaklqana
Kikubaaqudgha
Makhleb
Nemelex Xobeh
Okawaru
Qazlal
Ru
Sif Muna
Trog
Uskayaw
Vehumet
Wu Jian
Xom
Yredelemnul
Zin
The Shining One
Beogh

Shops:
D:1 (*   Orc:2 *=::   Elf:1 *   Elf:2 =   Elf:3 *   Snake:1 *![*   Vaults:2 ?

Annotations:
D:2 Sigmund
D:4 2 transporters, initializr's ghost, amateur GrFi
Lair:5 3 runed translucent doors, Jufoathr Pite's ghost, journeyman MiFi; Seod's ghost, journeyman FoAK
Snake:1 3 runed translucent doors, exclusion: obsidian statue, Haaias's ghost, journeyman MiBe
Elf:2 3 runed translucent doors
Vaults:2 Margery


Innate Abilities, Weirdness & Mutations

You are partially covered in iridescent scales. (AC +2)
You are agile. (Dex +2)


Message History

The burst of rock shards engulfs the hell knight!
The burst of rock shards engulfs the hell knight.
Flame seeps out of the hell knight.
The burst of rock shards engulfs the hell knight.
Flame seeps out of the hell knight.
The burst of rock shards engulfs Margery!
Flame seeps out of Margery.
The burst of rock shards engulfs the hell knight!
The burst of rock shards engulfs the hell knight.
Flame seeps out of the hell knight.
The burst of rock shards engulfs the hell knight.
Flame seeps out of the hell knight.
The burst of rock shards engulfs you.
The burst of rock shards engulfs Margery!
Flame seeps out of Margery.
The hell knight calls down the wrath of its god upon you.
The bolt of fire hits you!!
* * * LOW HITPOINT WARNING * * *
Margery is engulfed in blazing flames.
Flame seeps out of Margery.
The hell knight mumbles some strange prayers to its god against you.
The bolt of fire hits the hell knight.
The hell knight completely resists.
The bolt of fire hits you!! Elyvilon protects you from harm!
The hell knight prays to its god.
The hell knight seems to speed up.
The hell knight closely misses you.
Unknown command.
Unknown command.
Unknown command.
Unknown command.
Unknown command.
Unknown command.
You are healed.
The hell knight hits you with a +5 demon blade of flaming!!
* * * LOW HITPOINT WARNING * * *
The hell knight burns you.
* * * LOW HITPOINT WARNING * * *
Margery gestures.
You feel doomed. Margery gestures at you while chanting.
The bolt of fire hits the hell knight.
The hell knight completely resists.
The bolt of fire hits you!!!
You die...

#....§§§.# #.....)..#
#.....§§.# #..○pp...#
#...p@...###
#...○.p.....
#...p......# # ##
#°.p@......#.##.##.##
#..........#.........
#..........#...8.. ..
#..........#.... .
#..........#.# #
#..........##########
#....................
#............)†......
#....................


You could see Margery (inner flame) and 6 hell knights.

Vanquished Creatures
  Vashnia (Snake:4)
  Zenata (Vaults:1)
  3 deep elf blademasters (Elf:3)
  The ghost of Jysseapa the Warrior, an adept HuHu of Gozag (Elf:2)
  4 deep elf master archers (Elf:3)
  Asterion (Vaults:1)
  Frances (Shoals:2)
  Gastronok (D:7)
  A storm dragon (Shoals:4)
  A frost giant (D:15)
  10 nagarajas
  A fire giant (Vaults:1)
  4 deep elf sorcerers (Elf:3)
  4 vault wardens
  Aizul (Snake:2)
  2 orc warlords
  3 deep elf elementalists (Elf:3)
  7 ironbound preservers
  3 very ugly things (Vaults:2)
  4 ironbound thunderhulks
  5 deep elf annihilators (Elf:3)
  Nessos (D:13)
  3 dire elephants (Vaults:1)
  7 merfolk impalers (Shoals:4)
  6 merfolk javelineers (Shoals:4)
  Josephine (D:11)
  7 deep elf death magi
  A deep elf high priest (Elf:3)
  A rakshasa (D:15)
  4 great orbs of eyes
  4 yaktaur captains
  4 salamander tyrants
  3 boulder beetles
  3 vault guards (D:13)
  Erolcha (D:9)
  Fannar (D:10)
  9 hydras
  Erica (D:9)
  8 anacondas
  A merfolk avatar (Shoals:2)
  5 ogre magi
  A death knight (D:14)
  5 merfolk aquamancers (Shoals:4)
  2 alligator snapping turtles
  6 naga warriors
  23 two-headed ogres
  3 catoblepae
  8 centaur warriors
  5 ironbound frosthearts (Vaults:2)
  10 dancing weapons
  2 death yaks (Lair:6)
  A deep troll earth mage (Vaults:2)
  2 tengu warriors (D:15)
  12 naga sharpshooters
  7 shock serpents
  The ghost of kMk the Arsonist, a novice OgFE (D:8)
  Urug (D:13)
  4 deep elf knights
  4 salamander mystics
  A skeletal warrior (D:14)
  23 deep trolls
  4 sea snakes (Shoals:4)
  A phantasmal warrior (D:14)
  2 glowing orange brains
  21 deep elf archers
  7 ironbound convokers
  2 wizards (Vaults:2)
  5 naga ritualists
  A necromancer (Vaults:2)
  9 lindwurms
  6 orc knights
  24 deep elf pyromancers
  8 orc sorcerers
  6 mana vipers
  14 harpies
  20 deep elf zephyrmancers
  7 manticores
  17 ugly things
  4 fauns (Shoals:2)
  A moth of wrath (D:8)
  5 cyclopes
  17 salamanders
  11 elephants
  Joseph (D:9)
  10 water nymphs (Shoals:4)
  5 merfolk sirens
  17 naga magi
  8 guardian serpents
  4 vault sentinels
  A torpor snail (Lair:6)
  26 black mambas
  2 gargoyles
  13 cane toads
  3 unseen horrors
  3 rime drakes
  10 komodo dragons
  An efreet (D:14)
  A kobold demonologist (D:12)
  17 yaktaurs
  26 merfolk
  4 trolls
  6 wind drakes (Shoals:4)
  3 polar bears
  Grinder (D:3)
  A hornet (D:9)
  26 blink frogs
  27 slime creatures
  4 snapping turtles
  11 dream sheep
  A blink frog (shapeshifter) (D:15)
  9 air elementals
  A jumping spider (shapeshifter) (D:15)
  A centaur simulacrum (D:11)
  4 shadows
  5 wraiths
  A wyvern (Lair:6)
  24 yaks
  17 water elementals
  2 fire elementals (Elf:2)
  10 vampire mosquitoes
  2 steam dragons
  3 basilisks
  3 swamp worms (D:8)
  3 wargs
  A warg (shapeshifter) (D:13)
  40 nagas
  10 water moccasins
  3 acid dragons
  2 ice beasts
  A black bear (D:6)
  A sky beast (D:6)
  29 orc warriors
  A boggart (shapeshifter) (Elf:1)
  33 ogres
  13 centaurs
  2 kobold brigands (D:10)
  A phantom (D:6)
  Blork the orc (D:6)
  13 bullfrogs
  4 gnoll sergeants
  A necrophage (D:3)
  An earth elemental (Elf:1)
  2 scorpions
  3 wights (D:10)
  19 killer bees
  9 howler monkeys
  2 electric eels
  19 orc priests
  3 hounds
  5 jellies
  2 iguanas
  Jessica (D:2)
  17 orc wizards
  A hell rat (Lair:6)
  6 adders
  21 gnolls
  A shadow imp (D:5)
  2 ufetubi
  A worm (D:2)
  6 dart slugs
  81 orcs
  6 ball pythons
  4 bats
  12 endoplasms
  5 hobgoblins
  3 jackals (D:4)
  15 kobolds
  A quokka (D:5)
  A frilled lizard (D:1)
  10 goblins
  2 rats
1177 creatures vanquished.

Vanquished Creatures (collateral kills)
  An anaconda (Snake:2)
  3 death yaks
  A naga mage (Snake:2)
  A gargoyle (D:13)
  A yaktaur (D:12)
  3 centaurs (D:13)
  A foxfire (Lair:3)
11 creatures vanquished.

Vanquished Creatures (others)
  2 deep elf knights
  A deep elf archer (Elf:2)
  A wizard (Vaults:2)
  A deep elf zephyrmancer (Elf:2)
  A deep elf pyromancer (Elf:2)
  A cane toad (Lair:6)
  A yak (D:10)
  A water elemental (Shoals:4)
  An orc wizard (D:7)
  467 foxfires
  31 fungi
  68 plants
  6 withered plants (Lair:5)
582 creatures vanquished.

Grand Total: 1770 creatures vanquished

Notes
Turn   | Place    | Note
-------+----------+-------------------------------------------
     0 | D:1      | Armakuni the Human Fire Elementalist began the quest for
                  | the Orb.
     0 | D:1      | Reached XP level 1. HP: 13/13 MP: 3/3
    30 | D:1      | Found Zyulubah's Distillery.
   199 | D:1      | Reached XP level 2. HP: 19/19 MP: 0/5
   272 | D:1      | Learned a level 2 spell: Scorch
   367 | D:1      | Found Yfen's Antique Weapon Shoppe.
   595 | D:1      | Found a faded altar of an unknown god.
   642 | D:1      | Reached XP level 3. HP: 22/24 MP: 3/6
   758 | D:1      | Found Ugerah's General Store.
  1097 | D:2      | Noticed Jessica
  1101 | D:2      | Killed Jessica
  1102 | D:2      | Reached skill level 4 in Fire Magic
  1102 | D:2      | Reached XP level 4. HP: 30/30 MP: 7/7
  1236 | D:2      | Noticed Sigmund
  1383 | D:2      | Learned a level 3 spell: Conjure Flame
  1583 | D:3      | Reached XP level 5. HP: 25/35 MP: 8/8
  1917 | D:3      | Found a shadowy altar of Dithmenos.
  1933 | D:3      | Noticed Grinder
  1959 | D:3      | Reached skill level 5 in Fire Magic
  1967 | D:3      | Gained mutation: You are partially covered in iridescent
                  | scales. (AC +2) [potion of mutation]
  1967 | D:3      | Gained mutation: You are agile. (Dex +2) [potion of
                  | mutation]
  1974 | D:3      | Paralysed by Grinder for 3 turns
  2057 | D:3      | Paralysed by Grinder for 2 turns
  2072 | D:3      | Killed Grinder
  2073 | D:3      | Reached skill level 6 in Fire Magic
  2073 | D:3      | Reached XP level 6. HP: 41/41 MP: 8/9
  2148 | D:3      | Learned a level 3 spell: Inner Flame
  2536 | D:3      | Reached XP level 7. HP: 46/46 MP: 10/10
  2627 | D:4      | Reached skill level 7 in Fire Magic
  2961 | D:4      | Found a transporter.
  2966 | D:4      | Noticed initializr's ghost (amateur GrFi)
  3025 | D:4      | Found a transporter.
  3582 | D:5      | Entered Level 5 of the Dungeon
  3582 | D:5      | Found a staircase to the Ecumenical Temple.
  3604 | D:5      | Reached skill level 8 in Fire Magic
  3820 | Temple   | Entered the Ecumenical Temple
  4089 | Temple   | Became a worshipper of Elyvilon the Healer
  4130 | D:5      | Reached XP level 8. HP: 45/52 MP: 11/11
  4737 | D:6      | Reached skill level 9 in Fire Magic
  4742 | D:6      | Noticed Blork the orc
  4750 | D:6      | Killed Blork the orc
  4998 | D:6      | Reached * piety under Elyvilon
  5305 | D:6      | Reached skill level 10 in Fire Magic
  5308 | D:6      | Reached XP level 9. HP: 57/57 MP: 6/14
  5324 | D:6      | Learned a level 4 spell: Flame Wave
  5326 | D:6      | Learned a level 1 spell: Apportation
  5679 | D:7      | Reached skill level 1 in Translocations
  5714 | D:7      | Reached skill level 1 in Hexes
  5936 | D:7      | Reached skill level 1 in Invocations
  5936 | D:7      | Reached skill level 1 in Evocations
  6014 | D:7      | Found a sparkling altar of Nemelex Xobeh.
  6148 | D:7      | Reached ** piety under Elyvilon
  6539 | D:8      | Noticed Gastronok
  6592 | D:7      | Killed Gastronok
  6593 | D:7      | Reached skill level 5 in Evocations
  6593 | D:7      | Reached XP level 10. HP: 69/69 MP: 10/16
  6856 | D:8      | Found a staircase to the Lair.
  6856 | D:8      | Noticed a komodo dragon
  6870 | D:8      | Killed a komodo dragon
  7063 | D:8      | Found a transporter.
  7065 | D:8      | Noticed a moth of wrath
  7071 | D:8      | Found a bloodstained altar of Trog.
  7073 | D:8      | Noticed kMk's ghost (novice OgFE)
  7082 | D:8      | Found a transporter.
  7082 | D:8      | Noticed a two-headed ogre
  7413 | D:8      | Identified the +4 halberd "Naredgh" {drain, rPois rN++
                  | Dex-3}
  7436 | D:8      | Reached skill level 5 in Spellcasting
  7747 | D:9      | Noticed a two-headed ogre
  7787 | D:9      | Killed a two-headed ogre
  7788 | D:9      | Reached XP level 11. HP: 78/78 MP: 19/19
  7788 | D:9      | Reached *** piety under Elyvilon
  7788 | D:9      | Noticed Joseph
  7792 | D:9      | Killed Joseph
  7793 | D:9      | Reached skill level 5 in Fighting
  7793 | D:9      | Reached skill level 5 in Staves
  7949 | D:9      | Reached skill level 5 in Invocations
  8151 | D:9      | Noticed Erolcha
  8156 | D:9      | Killed Erolcha
  8300 | D:9      | Found a staircase to the Orcish Mines.
  9049 | D:10     | Entered Level 10 of the Dungeon
  9211 | D:10     | Found a hazy altar of Hepliaklqana.
  9652 | D:10     | Noticed Fannar
  9660 | D:10     | Killed Fannar
  9937 | D:10     | Reached **** piety under Elyvilon
  9967 | D:10     | Upgraded the game from 0.29-a0-563-g64e4043184 to
                  | 0.29-a0-575-g0dc89cf053
 10147 | D:11     | Noticed a two-headed ogre
 10152 | D:11     | Killed a two-headed ogre
 10153 | D:11     | Reached skill level 10 in Invocations
 10218 | D:11     | Noticed a two-headed ogre
 10228 | D:11     | Killed a two-headed ogre
 10229 | D:11     | Reached XP level 12. HP: 81/86 MP: 9/21
 10356 | D:11     | Reached skill level 5 in Conjurations
 10437 | D:11     | Identified the +0 chain mail of Salvation {*Slow Str+5}
 10740 | D:11     | Noticed Josephine
 10753 | D:11     | Killed Josephine
 11034 | D:12     | Noticed a centaur warrior
 11104 | D:12     | Reached ***** piety under Elyvilon
 11429 | D:12     | Noticed a two-headed ogre
 11433 | D:12     | Killed a two-headed ogre
 11897 | D:12     | Elyvilon protects you from harm!
 11898 | D:12     | Reached skill level 1 in Armour
 12034 | D:12     | Reached skill level 10 in Evocations
 12118 | D:12     | Killed a centaur warrior
 12301 | D:13     | Identified a scroll of acquirement
 12301 | D:13     | Acquired 842 gold pieces
 12320 | D:13     | Noticed Urug
 12330 | D:13     | Killed Urug
 12331 | D:13     | Reached XP level 13. HP: 26/91 MP: 20/22
 12420 | D:13     | Noticed a boulder beetle
 12444 | D:13     | Killed a boulder beetle
 12536 | D:13     | Noticed Nessos
 12587 | D:13     | Killed Nessos
 12588 | D:13     | Reached skill level 5 in Armour
 12826 | D:13     | Noticed a vault guard
 12837 | D:13     | Noticed a centaur warrior
 12912 | D:13     | Killed a vault guard
 12956 | D:13     | Noticed an ogre mage
 12964 | D:13     | Killed an ogre mage
 12989 | D:13     | Noticed a vault guard
 12997 | D:13     | Noticed a vault guard
 13000 | D:13     | Killed a vault guard
 13167 | D:13     | Killed a centaur warrior
 13243 | D:13     | Killed a vault guard
 13283 | D:13     | HP: 2/91 [spore (29)]
 13411 | D:13     | Reached skill level 5 in Dodging
 13461 | D:13     | Found a gate to the Vaults.
 13937 | D:13     | Found a blossoming altar of Fedhas.
 14206 | D:14     | Noticed a four-headed hydra
 14211 | D:14     | Killed a four-headed hydra
 14215 | D:14     | Noticed a centaur warrior
 14261 | D:14     | Killed a centaur warrior
 14307 | D:14     | Noticed a five-headed hydra
 14431 | Lair:1   | Entered Level 1 of the Lair of Beasts
 14730 | Lair:1   | You fall into a shaft and drop 1 floor!
 14743 | Lair:2   | Reached XP level 14. HP: 94/98 MP: 14/26
 15851 | Lair:2   | Found a blossoming altar of Fedhas.
 16150 | Lair:2   | Acquired a book of Blasting
 16157 | Lair:2   | Learned a level 4 spell: Iskenderun's Mystic Blast
 16948 | Lair:3   | Identified the amulet "Agyali" {Spirit Fly}
 17156 | Lair:3   | Found a staircase to the Snake Pit.
 17663 | Lair:4   | Reached skill level 10 in Conjurations
 17687 | Lair:4   | Was placed under penance by Elyvilon
 17693 | Lair:4   | Reached skill level 10 in Spellcasting
 17860 | Lair:4   | Was forgiven by Elyvilon
 17996 | Lair:4   | Found a staircase to the Shoals.
 19489 | Lair:5   | Found a runed translucent gate.
 19500 | Lair:5   | Found a runed translucent gate.
 19501 | Lair:5   | Noticed Jufoathr Pite's ghost (journeyman MiFi)
 19502 | Lair:5   | Noticed Seod's ghost (journeyman FoAK)
 19504 | Lair:5   | Reached XP level 15. HP: 63/103 MP: 26/29
 19504 | Lair:5   | Was placed under penance by Elyvilon
 19592 | Lair:5   | Found a runed translucent gate.
 19618 | Lair:5   | Was forgiven by Elyvilon
 19632 | Lair:5   | Found a staircase to the Slime Pits.
 20119 | Lair:6   | Entered Level 6 of the Lair of Beasts
 20756 | Lair:6   | Learned a level 6 spell: Starburst
 21724 | Lair:6   | Reached skill level 11 in Fire Magic
 22210 | Lair:6   | Identified the +1 pair of gloves "Laicloeje" {rPois Regen+
                  | Int-5}
 22485 | D:8      | Reached skill level 12 in Fire Magic
 22510 | D:8      | Killed kMk's ghost
 22800 | Orc:1    | Entered Level 1 of the Orcish Mines
 22800 | Orc:1    | Noticed an orc warlord
 23254 | Orc:1    | Noticed Erica
 23276 | D:9      | Killed Erica
 23690 | Orc:2    | Entered Level 2 of the Orcish Mines
 23765 | Orc:2    | Found a staircase to the Elven Halls.
 24120 | Orc:2    | Reached skill level 13 in Fire Magic
 24267 | Orc:1    | Reached XP level 16. HP: 19/109 MP: 13/30
 24783 | Orc:2    | Reached skill level 14 in Fire Magic
 25314 | Orc:2    | Found Efuegyumn's Jewellery Boutique.
 25314 | Orc:2    | Found Ryonk's Assorted Antiques.
 25315 | Orc:2    | Found Oraallus's Book Emporium.
 25315 | Orc:2    | Found Aqax's Book Boutique.
 25326 | Orc:2    | Bought a book of the Spheres for 594 gold pieces
 25332 | Orc:2    | Learned a level 5 spell: Fireball
 25336 | Orc:2    | Bought a manual of Armour for 1200 gold pieces
 25336 | Orc:2    | Bought a manual of Staves for 1200 gold pieces
 26432 | Orc:2    | Paralysed by an orc sorcerer for 5 turns
 26666 | Elf:1    | Entered Level 1 of the Elven Halls
 28614 | D:15     | Entered Level 15 of the Dungeon
 29261 | D:15     | Noticed a frost giant
 29267 | D:15     | Identified the +5 hunting sling "Fyamnu" {vorpal, Contam
                  | rCorr Int+5}
 29514 | D:15     | Reached XP level 17. HP: 91/115 MP: 28/31
 29862 | D:15     | Found a white marble altar of Elyvilon.
 30049 | D:15     | Learned a level 7 spell: Orb of Destruction
 30245 | D:15     | Found a staircase to the Depths.
 30434 | Orc:2    | Bought the ring "Ebytupn" {rPois AC+4 Int+3} for 588 gold
                  | pieces
 30506 | Elf:1    | Found Ewief's General Store.
 30542 | Elf:1    | Reached skill level 15 in Conjurations
 30637 | Elf:1    | Reached skill level 15 in Fire Magic
 31581 | Elf:2    | HP: 5/115 [deep elf archer/arrow (3)]
 31581 | Elf:2    | Elyvilon protects you from harm!
 32068 | Elf:2    | Found a runed translucent gate.
 32268 | Elf:2    | Found a runed translucent gate.
 32268 | Elf:2    | Found a runed translucent gate.
 32268 | Elf:2    | Found a runed translucent gate.
 32294 | Elf:2    | Found a runed translucent gate.
 32295 | Elf:2    | Found a runed translucent gate.
 32298 | Elf:2    | Noticed Jysseapa's ghost (adept HuHu)
 32379 | Elf:2    | HP: 4/115 [+2 war axe of flaming (6)]
 32383 | Elf:2    | Elyvilon protects you from harm!
 32384 | Elf:2    | HP: 5/105 [+4 mace of draining (1)]
 32940 | Elf:2    | Found Cuocyaf's Jewellery Shop.
 32993 | Elf:2    | Paralysed by an air elemental for 1 turns
 32996 | Elf:2    | Paralysed by an air elemental for 1 turns
 33352 | Elf:2    | Killed Jysseapa's ghost
 33378 | Elf:2    | HP: 5/115 [fire elemental[a deep elf pyromancer] (14)]
 33616 | Elf:2    | Identified the +1 pair of boots of Oboviheng {Drain MP+9
                  | Str+2}
 33907 | Elf:3    | Entered Level 3 of the Elven Halls
 34261 | Elf:3    | Reached XP level 18. HP: 114/121 MP: 15/33
 34391 | Elf:3    | Found Vaimas's Assorted Antiques.
 34452 | Elf:3    | Learned a level 5 spell: Iskenderun's Battlesphere
 34665 | Elf:3    | Noticed a deep elf blademaster
 34670 | Elf:3    | Killed a deep elf blademaster
 34671 | Elf:3    | Reached skill level 16 in Fire Magic
 34687 | Elf:3    | Noticed a deep elf master archer
 34698 | Elf:3    | Killed a deep elf master archer
 34836 | Elf:3    | Noticed a deep elf master archer
 34838 | Elf:3    | Identified the +5 lajatang of the Sky {drain, Will+ Dex+4}
 34851 | Elf:3    | Noticed a deep elf blademaster
 34855 | Elf:3    | Killed a deep elf blademaster
 34855 | Elf:3    | Killed a deep elf master archer
 35031 | Elf:3    | Noticed a deep elf master archer
 35033 | Elf:3    | Killed a deep elf master archer
 35034 | Elf:3    | Identified the +8 war axe "Lineng" {protect, rElec rN+
                  | Will+ Str-4}
 35039 | Elf:3    | Noticed a deep elf blademaster
 35050 | Elf:3    | Killed a deep elf blademaster
 35062 | Elf:3    | Noticed a deep elf master archer
 35081 | Elf:3    | Killed a deep elf master archer
 35694 | Elf:3    | Identified the +7 falchion "Qabav" {antimagic, rF+ Str+3}
 35794 | Elf:3    | Identified the +5 scimitar of Dukheehe {vorpal, rN+ Int-5
                  | Dex+2 SInv}
 35855 | Elf:3    | Found the +2 hood of the Assassin {Detection Stab+ Stlth++}
 35903 | Elf:3    | Acquired a staff of conjuration
 35914 | Elf:3    | Learned a level 2 spell: Blink
 36069 | Elf:1    | Bought a scroll of teleportation for 42 gold pieces
 36135 | Elf:2    | Bought the ring of Irrepressible Laughter {Wiz Str+6 SInv
                  | Stlth-} for 838 gold pieces
 36333 | Snake:1  | Entered Level 1 of the Snake Pit
 36450 | Snake:1  | Found Reg Zai's Distillery.
 36455 | Snake:1  | Found Leilor's Antique Armour Boutique.
 36455 | Snake:1  | Found Buyd's Assorted Antiques.
 36466 | Snake:1  | Bought a scroll of teleportation for 90 gold pieces
 36665 | Snake:1  | Reached skill level 17 in Fire Magic
 37054 | Snake:1  | Found a runed translucent gate.
 37054 | Snake:1  | Found a runed translucent gate.
 37054 | Snake:1  | Found an opulent altar of Gozag.
 37054 | Snake:1  | Noticed Haaias's ghost (journeyman MiBe)
 37055 | Snake:1  | Found a runed translucent gate.
 37065 | Snake:1  | Found Muahosk's Assorted Antiques.
 37434 | Snake:2  | Found a sacrificial altar of Ru.
 37869 | Snake:2  | Noticed Aizul
 37876 | Snake:2  | Killed Aizul
 38503 | Snake:2  | Reached XP level 19. HP: 126/126 MP: 33/34
 39158 | Elf:2    | Bought an amulet of magic regeneration for 480 gold pieces
 39667 | Snake:3  | Learned a level 8 spell: Ignition
 40385 | Snake:3  | Found a hazy altar of Hepliaklqana.
 40827 | Snake:4  | Entered Level 4 of the Snake Pit
 40844 | Snake:4  | Reached skill level 18 in Fire Magic
 41841 | Snake:4  | Reached skill level 19 in Fire Magic
 42006 | Snake:4  | Noticed Vashnia
 42074 | Snake:4  | Killed Vashnia
 42431 | Snake:4  | Reached XP level 20. HP: 133/133 MP: 23/36
 42497 | Snake:4  | Got a serpentine rune of Zot
 43300 | Shoals:1 | Entered Level 1 of the Shoals
 43311 | Shoals:1 | Reached skill level 20 in Fire Magic
 43547 | Shoals:2 | Noticed Frances
 43584 | Shoals:2 | Killed Frances
 43656 | Shoals:4 | Entered Level 4 of the Shoals
 43882 | Shoals:4 | Paralysed by an air elemental for 1 turns
 43923 | Shoals:4 | Paralysed by an air elemental for 1 turns
 44216 | Shoals:4 | Identified the +5 chain mail "Dihi" {rF+ rCorr Str+2
                  | Stlth+}
 44330 | Shoals:4 | Got a barnacled rune of Zot
 44501 | Shoals:4 | Found a stormy altar of Qazlal.
 44509 | Shoals:4 | Paralysed by an air elemental for 1 turns
 44512 | Shoals:3 | Reached ****** piety under Elyvilon
 44593 | Shoals:4 | Reached skill level 10 in Staves
 44613 | Shoals:4 | Got the Tome of Frigorific Toxins
 45112 | Vaults:1 | Entered Level 1 of the Vaults
 45114 | Vaults:1 | Noticed Asterion
 45253 | Vaults:1 | Killed Asterion
 45747 | Vaults:1 | Reached XP level 21. HP: 138/138 MP: 35/39
 46041 | Vaults:1 | Reached skill level 15 in Spellcasting
 46200 | Vaults:1 | Noticed Zenata
 46216 | Vaults:1 | Killed Zenata
 46948 | Vaults:2 | Found a staircase to the Crypt.
 46948 | Vaults:2 | Found a basalt altar of Yredelemnul.
 46949 | Vaults:2 | Found an ancient bone altar of Kikubaaqudgha.
 47071 | Vaults:2 | Found Axze Eso's Magic Scroll Boutique.
 47078 | Vaults:2 | Bought a scroll of blinking for 142 gold pieces
 47078 | Vaults:2 | Bought a scroll of blinking for 142 gold pieces
 47526 | Vaults:2 | Was placed under penance by Elyvilon
 47814 | Vaults:2 | Upgraded the game from 0.29-a0-575-g0dc89cf053 to
                  | 0.29-a0-582-ge82337ba6a
 48284 | Vaults:2 | Was forgiven by Elyvilon
 48371 | Vaults:2 | Noticed Margery
 48377 | Vaults:2 | Elyvilon protects you from harm!
 48378 | Vaults:2 | Killed from afar by Margery

Illustrated notes

Levels and vault maps discovered:
D:1:      onia_arrival_pentagram, layout_basic,
          shapermc_ecumenical_altar_acropolis, serial_shops, shop_fountains,
          nicolae_shop_temple_entry_statues_fountains, shop
D:2:      layout_loops_ring, chequers_serial_rivers_room_b, due_unseen_surprise,
          uniq_sigmund, uniq_jessica
D:3:      layout_basic, grunt_dithmenos_smoke_and_mirrors, uniq_grinder
D:4:      layout_loops_ring, gammafunk_ghost_mausoleum, dk_rats_in_the_wall
D:5:      layout_rooms, minmay_temple_entry_statues_pillars
D:6:      layout_loops_cross, uniq_blork_the_orc
D:7:      layout_rooms, nemelex_spade_bored_becter
D:8:      layout_gridville, david_lair_shrubbed,
          gammafunk_ghost_wrathful_warriors, worms_lemuel, uniq_gastronok
D:9:      layout_loops_corners, david_orc_2, kennysheep_nub,
          statue_in_the_mist_lemuel, uniq_erolcha, uniq_joseph
D:10:     layout_roguey, general_overflow_altar, enter_bailey_4,
          minmay_starry_boxes, uniq_fannar
D:11:     layout_cave_pools, uniq_josephine
D:12:     layout_cave_pools, centaur_isle
D:13:     layout_loops_corners, grunt_vaults_entry_fortified, fedhas_altar_1,
          uniq_nessos, uniq_urug
D:14:     layout_stronghold
D:15:     grunt_enter_depths_snipers, layout_loops_corners, elyvilon_altar_3
Temple:   mainiacjoe_temple_bowtie_tessellation
Lair:1:   layout_roguey, lemuel_fruit_fields, grunt_megastairs_2
Lair:2:   layout_chaotic_city, basic_altar, grunt_megastairs_5,
          infiniplex_staircase_pool_2, lemuel_fruit_fields, serial_bayou_shore_a
Lair:3:   layout_cave_pods, guppyfry_snake_entry_island, serial_bayou_shore_b
Lair:4:   layout_misc_corridors, elwin_shoals_entry_rooms,
          hangedman_lair_generics_rect
Lair:5:   layout_loops_ring, nicolae_slime_entry_slimehenge,
          gammafunk_ghost_cemetery, serial_bayou_shore_b, grunt_megastairs_3
Lair:6:   hangedman_lair_in_review, layout_regular_city, nicolae_lair_lil_pond
Shoals:1: layout_shoals, nicolae_shoals_pincushion_passage, uniq_roxanne
Shoals:2: layout_shoals, nicolae_shoals_beach_cooler, uniq_frances
Shoals:3: layout_shoals, uniq_mlioglotl, uniq_ilsuiw
Shoals:4: shoals_end_hellmonk_storm_palace [storm_palace_center_ruins,
          storm_palace_corner_reverse_hut, storm_palace_corner_narrow,
          storm_palace_corner_grid, storm_palace_corner_altar]
Snake:1:  layout_gridlike, ebering_ghost_gozag, minmay_shop_star
Snake:2:  nicolae_aizul_guard, layout_onion, basic_altar, drop_trap
Snake:3:  layout_chambers, basic_altar, library_closet
Snake:4:  johnstein_snake_rune_scales, layout_layer_cave, st_stairs_4
Orc:1:    layout_caves, uniq_erica
Orc:2:    st_orc_ogre_mass, layout_caves, minmay_orc_temple_b
Elf:1:    eino_elf_arrival_sip, layout_loops_ring, serial_shops,
          nicolae_shop_crystal
Elf:2:    elven_hall_of_blades_hangedman_original [nooodl_blade_entry_preview],
          layout_loops_corners, gammafunk_ghost_tricky_traps, serial_shops,
          nicolae_shop_waterfront, amcnicky_mini_rare_corridor_liquid
Elf:3:    minmay_elf_hall, layout_geoelf_diagonals, serial_shops,
          nicolae_shop_statue_plus, minmay_misc_feat_diagonals
Vaults:1: hangedman_vaults_restitches, ontoclasm_vaults_bender,
          hangedman_vaults_nails, nicolae_vaults_rhombus_5,
          ontoclasm_vaults_spin, nicolae_vaults_little_squares_6,
          st_spiral_rooms, hangedman_vaults_slice,
          nicolae_vaults_diagonal_hallway_8, ontoclasm_vaults_claustrophobia,
          nicolae_vaults_yaktaur_gun_rack, layout_vaults_omnicross,
          uniq_asterion, uniq_zenata
Vaults:2: v_alt_pattern_6, v_misc_14, vaults_dpeg_ring, st_squares,
          vaults_room_door_ring, v_rooms_3, v_misc_25,
          ontoclasm_vaults_ring_small, v_misc_2,
          vaults_room_grunt_arrival_ludios, v_misc_5,
          nicolae_vaults_border_crossing, grunt_vaults_hallway_short,
          layout_vaults_omnigrid, minmay_crypt_entry_necro_gods, serial_shops,
          shop, uniq_margery

Skill      XL: |  1  2  3  4  5  6  7  8  9 10 11 12 13 14 15 16 17 18 19 20 21 |
---------------+----------------------------------------------------------------+-----
Conjurations   | 2 3 4 6 8 12 13 14 16 18 | 18.2
Fire Magic     | 4 6 8 10 13 14 15 17 19 20 | 20.0
Spellcasting   | 3 4 5 6 8 10 11 12 14 17 | 17.3
Translocations | 2 4 |  4.0
Hexes          | 3 |  3.0
Invocations    | 4 10 | 10.0
Evocations     | 5 10 | 10.0
Fighting       | 2 4 5 |  5.0
Staves         | 2 4 5 7 12 | 12.0
Armour         | 3 5 7 |  7.1
Dodging        | 5 |  5.0
Stealth        | |  2.0

Action                   |  1- 3 |  4- 6 |  7- 9 | 10-12 | 13-15 | 16-18 | 19-21 || total
-------------------------+-------+-------+-------+-------+-------+-------+-------++-------
Melee: Mace              |    11 |       |       |       |       |       |       ||    11
       Flail             |       |    32 |     9 |       |       |       |       ||    41
       Dagger            |       |       |     2 |     4 |       |       |       ||     6
       Quarterstaff      |       |       |       |     9 |       |       |       ||     9
       Eveningstar       |       |       |       |       |   135 |   119 |     1 ||   255
       Punch             |       |       |       |       |     1 |     4 |     4 ||     9
       Staff             |       |       |       |       |       |    15 |    98 ||   113
Throw: Javelin           |     3 |       |       |       |       |       |       ||     3
       Dart              |       |       |       |       |       |       |     1 ||     1
 Cast: Foxfire           |    29 |    28 |    43 |    37 |   104 |    28 |       ||   269
       Scorch            |       |    16 |   118 |   166 |   192 |    86 |       ||   578
       Inner Flame       |       |       |     6 |    53 |   111 |    39 |       ||   209
       Flame Wave        |       |       |       |    10 |    53 |     2 |       ||    65
       Iskenderun's Myst |       |       |       |       |    84 |    92 |    52 ||   228
       Fireball          |       |       |       |       |       |   170 |   200 ||   370
       Starburst         |       |       |       |       |       |    41 |    15 ||    56
       Orb of Destructio |       |       |       |       |       |    55 |    80 ||   135
       Iskenderun's Batt |       |       |       |       |       |     9 |    76 ||    85
       Blink             |       |       |       |       |       |     1 |     3 ||     4
       Ignition          |       |       |       |       |       |       |    72 ||    72
Invok: Heal Other        |       |       |       |     1 |    16 |     1 |     6 ||    24
       Purification      |       |       |       |     1 |     2 |     8 |     2 ||    13
       Heal Self         |       |       |       |       |    16 |    22 |     7 ||    45
Evoke: Wand              |       |       |     1 |    45 |    33 |     1 |    12 ||    92
       Phantom mirror    |       |       |       |       |     3 |       |       ||     3
       Phial of floods   |       |       |       |       |     1 |     4 |     1 ||     6
       Box of beasts     |       |       |       |       |       |     1 |       ||     1
       Tin of tremorston |       |       |       |       |       |       |     5 ||     5
  Use: Scroll            |     5 |     5 |     1 |    13 |    20 |    22 |     5 ||    71
       Potion            |       |     3 |       |     2 |     2 |    13 |     1 ||    21
 Stab: Sleeping          |       |     1 |       |       |     1 |     1 |       ||     3
       Paralysed         |       |       |       |       |    10 |       |       ||    10
       Distracted        |       |       |       |       |       |     2 |       ||     2
Armor: Robe              |     4 |    15 |    19 |    25 |       |       |       ||    63
       Troll leather arm |       |       |       |    16 |   156 |   159 |   156 ||   487
Dodge: Dodged            |    16 |    31 |    50 |   110 |   324 |   224 |   207 ||   962
Block: Other             |       |       |       |       |    20 |    76 |       ||    96
       Reflection        |       |       |       |       |       |    22 |       ||    22

Table legend: (Time is in decaauts)
 A = Elapsed time spent in this place.
 B = Non-inter-level travel time spent in this place.
 C = Inter-level travel time spent in this place.
 D = Time resting spent in this place.
 E = Time spent auto-exploring this place.
 F = Levels seen in this place.
 G = Mean time per level.
                   A        B        C        D        E       F      G
               +--------+--------+--------+--------+--------+-----+--------+
         Total |  48694 |  45609 |   3085 |  14349 |  19892 |  37 | 1316.1 |
       Dungeon |  19313 |  18165 |   1148 |   5047 |   8730 |  15 | 1287.5 |
        Temple |    294 |    216 |     78 |      0 |    203 |   1 |  294.0 |
          Lair |   8332 |   7778 |    554 |   2254 |   3862 |   6 | 1388.7 |
        Shoals |   1622 |   1589 |     33 |    695 |    212 |   4 |  405.5 |
     Snake Pit |   6508 |   6151 |    357 |   1488 |   3281 |   4 | 1627.0 |
  Orcish Mines |   3308 |   3039 |    269 |   1605 |    776 |   2 | 1654.0 |
   Elven Halls |   6203 |   5601 |    602 |   2507 |   1186 |   3 | 2067.7 |
        Vaults |   3110 |   3069 |     41 |    753 |   1640 |   2 | 1555.0 |
               +--------+--------+--------+--------+--------+-----+--------+

Top non-repeatable levels by time:
     D:9: 2517 daAuts
    D:13: 2407 daAuts
   Elf:2: 2391 daAuts
  Lair:6: 2176 daAuts
   Elf:3: 2096 daAuts
 Snake:4: 1905 daAuts
 Snake:3: 1874 daAuts
 Snake:2: 1820 daAuts
   Orc:1: 1761 daAuts
   Elf:1: 1715 daAuts
    D:15: 1679 daAuts
Vaults:1: 1639 daAuts
   Orc:2: 1546 daAuts
     D:8: 1485 daAuts
Vaults:2: 1470 daAuts
